 Dungeon Crawl Stone Soup version 0.29-a0-517-gbdf32494f2 (webtiles) character file.

Game seed: 3678046777837378188

11858 ptdevnull the Basher (level 11, -1/118 HPs)
             Began as an Ogre Gladiator on May 30, 2022.
             Was a High Priest of Okawaru.
             Slain by an orc warrior
             ... wielding a +0 trident
              (15 damage)
             ... on level 9 of the Dungeon.
             The game lasted 00:28:32 (12958 turns).

ptdevnull the Basher (Ogre Gladiator)              Turns: 12958, Time: 00:28:32

Health: -1/118     AC: 12    Str: 30    XL:     11   Next: 84%
Magic:  0/17       EV: 11    Int:  9    God:    Okawaru [*****.]
Gold:   595        SH:  0    Dex: 10    Spells: 18/18 levels left

rFire   + + .      SeeInvis .   a - +8 great mace "Ledean" {drain, rN+}
rCold   + . .      Faith    .   (shield currently unavailable)
rNeg    + . .      Spirit   +   H - +3 swamp dragon scales
rPois   +          Reflect  .   c - +0 hat
rElec   .          Harm     .   (no cloak)
rCorr   .          Rampage  .   (gloves unavailable)
Will    +....                   (boots unavailable)
Stlth   ++........              q - amulet of guardian spirit
HPRegen 0.29/turn               f - +6 ring of strength
MPRegen 0.15/turn               j - ring "Zupoumaq" {rF++ rC+}

@: heroic, finesse-ful, invisible
A: large, unfitting armour, tough skin 1
a: Renounce Religion, Heroism, Finesse, Duel


You were on level 9 of the Dungeon.
You worshipped Okawaru.
Okawaru was extremely pleased with you.
You visited 1 branch of the dungeon, and saw 9 of its levels.
You also visited: Sewer.

You collected 595 gold pieces.

Inventory:

Hand Weapons
 a - the +8 great mace "Ledean" (weapon) {drain, rN+}
   (You acquired it on level 7 of the Dungeon)

   A truly terrible weapon, it drains the life of any living foe it strikes.
   rN:        It protects you from negative energy.
 b - the +10 mace of ptdevnull's Slow Death {vorpal, +Blink rF+}
   (You found it on level 2 of the Dungeon)

   It inflicts extra damage upon your enemies.
   rF:        It protects you from fire.
   +Blink:    It lets you blink.
 m - a +0 flail
 x - a +4 hunting sling
Missiles
 d - 4 throwing nets (quivered)
 e - 6 large rocks
Armour
 c - a +0 hat (worn)
 v - a +0 robe
 F - an orb of energy
 H - +3 swamp dragon scales (worn)
 Q - the +3 steam dragon scales of Pungaini {MP+9 Int+4 Dex-4 Stlth+}
   (Okawaru gifted it to you on level 9 of the Dungeon)

   Int:       It affects your intelligence (+4).
   Dex:       It affects your dexterity (-4).
   MP:        It affects your magic capacity (+9).
   Stlth:     It makes you more stealthy.
Jewellery
 f - a +6 ring of strength (left hand)
 h - a ring of resist corrosion
 j - the ring "Zupoumaq" (right hand) {rF++ rC+}
   (You found it on level 6 of the Dungeon)

   [ring of protection from cold]

   rF:        It greatly protects you from fire.
   rC:        It protects you from cold.
 q - an amulet of guardian spirit (around neck)
Wands
 A - a wand of polymorph (9)
 C - a wand of mindburst (15)
 E - a wand of flame (33)
 G - a wand of digging (11)
 L - a wand of iceblast (29)
Scrolls
 i - 4 scrolls of fog
 o - 4 scrolls of teleportation
 p - 2 scrolls of blinking
 s - a scroll of brand weapon
 y - a scroll of immolation
 I - 3 scrolls of summoning {unknown}
 J - 2 scrolls of enchant weapon
 K - 2 scrolls of poison
 N - 4 scrolls of identify
 O - a scroll of amnesia
Potions
 k - 3 potions of flight
 l - 8 potions of heal wounds
 n - a potion of mutation {unknown}
 r - 2 potions of attraction
 t - 2 potions of haste
 u - 4 potions of curing
 w - 3 potions of lignification
 z - a potion of brilliance {unknown}
 B - a potion of might
 D - 4 potions of ambrosia
 M - a potion of berserk rage {unknown}
 P - a potion of degeneration {unknown}


   Skills:
 + Level 10.2(15.2) Fighting
 + Level 13.9(18.9) Maces & Flails
 + Level 6.2(11.2) Throwing
 - Level 2.6(7.6) Dodging
 - Level 4.0 Spellcasting
 + Level 3.8 Invocations


You had 18 spell levels left.
You didn't know any spells.
Your spell library contained the following spells:

 Spells                   Type           Power      Damage    Failure   Level
 Magic Dart               Conj           4%         1d3       36%         1
 Necrotize                Necr           4%         1d4       36%         1
 Sandblast                Erth           2%         2d4       36%         1
 Slow                     Hex            4%         N/A       36%         1
 Passwall                 Tmut/Erth      0%         N/A       50%         2
 Searing Ray              Conj           2%         2d4       50%         2
 Confusing Touch          Hex            1%         N/A       73%         3
 Gell's Gravitas          Tloc           1%         N/A       73%         3
 Lesser Beckoning         Tloc           1%         N/A       73%         3
 Stone Arrow              Conj/Erth      2%         3d7       73%         3
 Teleport Other           Tloc           1%         N/A       73%         3
 Vampiric Draining        Necr           1%         2d6       73%         3
 Fulminant Prism          Conj/Hex       0%         3d6       98%         4
 Agony                    Necr           1%         N/A       100%        5
 Freezing Cloud           Conj/Ice/Air   0%         6-21      100%        5
 Polar Vortex             Ice            0%         N/A       100%        9
 Simulacrum               Ice/Necr       Unusable   N/A       N/A         6

Dungeon Overview and Level Annotations

Branches:
Dungeon (9/15)             Temple (0/1) D:4             Orc (0/2) D:9
  Sewer (visited)
   Lair: D:8-11

Altars:
Fedhas
Kikubaaqudgha
Okawaru
Qazlal
Wu Jian
Xom

Shops:
D:2 !

Annotations:
D:4 2 transporters, kevlar127's ghost, amateur TrBe
D:7 7 runed translucent doors, spaghetti's ghost, novice DsFi


Innate Abilities, Weirdness & Mutations

You are too large for most types of armour.
You have tough skin. (AC +1)


Message History

The kobold brigand throws a curare-tipped dart.
The curare-tipped dart hits the orc warrior.
The orc warrior is poisoned.
The orc warrior convulses.
The orc warrior seems to slow down.
You sock the orc warrior! You drain the orc warrior.
The orc warrior is severely wounded.
You bludgeon the orc warrior!!
You kill the orc warrior!
Okawaru accepts your kill. The orc hits you but does no damage.
The kobold brigand throws a poisoned dart.
The poisoned dart hits the orc!
The orc is poisoned.
The orc warrior closely misses you.
You catch the helpless orc warrior completely off-guard!
You hit the orc warrior. You drain the orc warrior.
You kill the orc warrior!
Okawaru accepts your kill.
You thump the kobold brigand! You drain the kobold brigand!
You kill the kobold brigand!
Okawaru accepts your kill.
You beat the orc like a drum!!!
You kill the orc!
Okawaru accepts your kill. The orc warrior completely misses you.
You flatten the orc warrior like a pancake!!!
You kill the orc warrior!
Okawaru accepts your kill.
You catch the helpless orc completely off-guard!
You thump the orc!
You kill the orc!
Okawaru accepts your kill.
The kobold brigand hits you but does no damage.
The orc warrior hits you with a +0 trident!
* * * LOW HITPOINT WARNING * * *
Items here: ( ))) [.
You pound the kobold brigand like an anvil!!!
You kill the kobold brigand!
Okawaru accepts your kill.
The orc warrior hits you with a +0 trident!
You die...

......#..######...# #.#.#........
..........#####...# #)#.#........
..................# #.#.#........
..........####....# #.#.#........
).................# ....#.(......
..>...........)...# ....#........
.............#)#######..#########
..........####)#8)..8### #
.............#)#@o...#
############.#.)).>..# #.#)....#
#.#8...8# #.####### ..# ###


You could see an orc warrior (can't see you).

Vanquished Creatures
  Erica (D:8)
  Pikel (D:5)
  Maurice (D:8)
  Maggie (D:7)
  2 trolls
  A hornet (D:8)
  A polar bear (D:9)
  Grinder (D:4)
  A wraith (D:7)
  A wyvern (D:8)
  13 yaks
  A steam dragon (D:6)
  3 vampire mosquitoes (D:9)
  4 water moccasins
  10 orc warriors
  A sky beast (D:7)
  7 black bears
  An ogre (D:6)
  2 centaurs
  4 phantoms
  2 lemures (D:5)
  15 kobold brigands
  3 bullfrogs
  4 gnoll sergeants
  A necrophage (D:5)
  3 scorpions (D:7)
  9 wights
  3 killer bees (D:9)
  2 electric eels (D:9)
  14 hounds
  A jelly (D:4)
  8 orc priests
  6 iguanas
  3 gnoll shamans
  13 orc wizards
  Robin (D:4)
  14 gnolls
  2 river rats
  5 adders
  A shadow imp (D:7)
  8 white imps
  2 ufetubi
  2 worms (Sewer)
  2 dart slugs
  30 orcs
  13 ball pythons
  3 endoplasms
  6 giant cockroaches
  15 hobgoblins
  4 jackals (D:4)
  7 quokkas
  5 bats
  2 frilled lizards
  13 goblins
  31 kobolds
  8 rats
318 creatures vanquished.

Vanquished Creatures (others)
  12 plants
12 creatures vanquished.

Grand Total: 330 creatures vanquished

Notes
Turn   | Place    | Note
-------+----------+-------------------------------------------
     0 | D:1      | ptdevnull the Ogre Gladiator began the quest for the Orb.
     0 | D:1      | Reached XP level 1. HP: 22/22 MP: 1/1
   469 | D:1      | Reached skill level 3 in Maces & Flails
   475 | D:1      | Reached XP level 2. HP: 31/31 MP: 2/2
   538 | D:1      | Found a faded altar of an unknown god.
  1090 | D:2      | Found Ycosch's Distillery.
  1116 | D:2      | Reached XP level 3. HP: 34/37 MP: 3/3
  1599 | D:2      | Identified the +10 mace of ptdevnull's Slow Death {vorpal,
                  | +Blink rF+}
  2408 | D:3      | Reached XP level 4. HP: 16/48 MP: 4/4
  2409 | D:3      | Reached skill level 4 in Maces & Flails
  2450 | D:2      | Reached XP level 5. HP: 5/55 MP: 5/5
  3358 | D:4      | Reached skill level 5 in Fighting
  3358 | D:4      | Reached skill level 5 in Maces & Flails
  3541 | D:4      | Reached XP level 6. HP: 40/66 MP: 6/6
  3699 | D:4      | Found an iron altar of Okawaru.
  3708 | D:4      | Became a worshipper of Warmaster Okawaru
  3859 | D:4      | Noticed Robin
  3869 | D:4      | Killed Robin
  4098 | D:4      | Found a staircase to the Ecumenical Temple.
  4098 | D:4      | Noticed a black bear
  4100 | D:4      | Noticed Grinder
  4110 | D:4      | Killed a black bear
  4111 | D:4      | Reached XP level 7. HP: 58/74 MP: 7/7
  4151 | D:4      | Reached skill level 6 in Maces & Flails
  4157 | D:4      | Killed Grinder
  4157 | D:4      | Reached * piety under Okawaru
  4386 | D:4      | Found a transporter.
  4459 | D:4      | Found a transporter.
  4620 | D:4      | Noticed kevlar127's ghost (amateur TrBe)
  4660 | D:5      | Entered Level 5 of the Dungeon
  4699 | D:5      | Found an ancient bone altar of Kikubaaqudgha.
  4994 | D:5      | Noticed Pikel
  5001 | D:5      | Killed Pikel
  5002 | D:5      | Reached skill level 7 in Maces & Flails
  5002 | D:5      | Reached XP level 8. HP: 43/84 MP: 3/12
  5219 | D:5      | Reached skill level 8 in Maces & Flails
  5309 | D:5      | Reached ** piety under Okawaru
  5892 | D:6      | Reached skill level 9 in Maces & Flails
  5892 | D:6      | Reached XP level 9. HP: 72/92 MP: 11/15
  5940 | D:6      | Identified the ring "Zupoumaq" {rF++ rC+}
  6150 | D:6      | Reached skill level 10 in Maces & Flails
  6151 | D:6      | Reached *** piety under Okawaru
  6251 | D:6      | Found a glowing drain.
  6255 | Sewer    | Entered a sewer
  7290 | D:6      | Received a gift from Okawaru
  7291 | D:6      | Reached skill level 11 in Maces & Flails
  7912 | D:6      | Reached XP level 10. HP: 78/100 MP: 10/16
  8262 | D:6      | Reached skill level 12 in Maces & Flails
  8300 | D:6      | Received a gift from Okawaru
  8929 | D:7      | Identified a scroll of acquirement
  8967 | D:7      | Found a stormy altar of Qazlal.
  8970 | D:7      | Acquired the +8 great mace "Ledean" {drain, rN+}
  8973 | D:7      | Found a large runed translucent door.
  8973 | D:7      | Found a large runed translucent door.
  8978 | D:7      | Noticed a green ugly thing
  8978 | D:7      | Noticed a two-headed ogre
  8995 | D:7      | Found a large runed translucent door.
  8995 | D:7      | Found a large runed translucent door.
  9129 | D:7      | Found a runed translucent gate.
  9130 | D:7      | Found a runed translucent gate.
  9130 | D:7      | Found a runed translucent gate.
  9138 | D:7      | Noticed spaghetti's ghost (novice DsFi)
  9190 | D:7      | Found a blossoming altar of Fedhas.
  9190 | D:7      | Noticed Maggie
  9196 | D:7      | Killed Maggie
  9394 | D:7      | Reached **** piety under Okawaru
  9540 | D:7      | Found a shimmering altar of Xom.
  9829 | D:8      | Reached skill level 13 in Maces & Flails
  9830 | D:8      | Reached ***** piety under Okawaru
 10071 | D:8      | Reached XP level 11. HP: 111/113 MP: 17/17
 10741 | D:8      | Noticed Erica
 10752 | D:8      | Killed Erica
 10996 | D:8      | Noticed Maurice
 11006 | D:8      | Killed Maurice
 11007 | D:8      | Reached skill level 5 in Throwing
 11057 | D:8      | Paralysed by a hornet for 3 turns
 11061 | D:8      | Reached skill level 1 in Invocations
 12180 | D:9      | Found an ornate altar of the Wu Jian Council.
 12656 | D:9      | Identified the +3 steam dragon scales of Pungaini {MP+9
                  | Int+4 Dex-4 Stlth+} (Okawaru gifted it to you on level 9 of
                  | the Dungeon)
 12656 | D:9      | Received a gift from Okawaru
 12858 | D:9      | Identified the +1 quarterstaff "Ogrebane" {flame, Str+4}
 12903 | D:9      | Found a staircase to the Orcish Mines.
 12924 | D:9      | Reached skill level 10 in Fighting
 12958 | D:9      | Slain by an orc warrior

Illustrated notes

Levels and vault maps discovered:
D:1:      minmay_arrival_nine_rooms, layout_loops_ring,
          shapermc_ecumenical_altar_mp_urbaneastern, hangedman_decor_opposing,
          minmay_misc_feat_tiny
D:2:      layout_loops_corners, serial_shops, nicolae_shop_hallway_stairs,
          nicolae_underground_beach
D:3:      layout_loops_cross
D:4:      layout_loops_ring, okawaru_ov_weapons_minmay,
          minmay_temple_entry_hall, gammafunk_ghost_gnarly_gnolls, uniq_robin,
          uniq_grinder
D:5:      layout_loops_ring, mainiacjoe_overflow_chevrons, uniq_pikel
D:6:      kennysheep_housing_project, layout_cave_pools, gup_sewer_entry_spiral,
          grunt_ministairs_11, nicolae_elevator_lobby_plus
D:7:      layout_rooms, kennysheep_little_box, general_overflow_altar,
          mainiacjoe_overflow_small_starburst, ebering_ghost_rock_garden,
          minmay_hollow_rounded_squares, uniq_maggie
D:8:      layout_loops_corners, serial_bayou_crossing, uniq_maurice, uniq_erica
D:9:      layout_rooms, nzn_wu_jian_council_hall,
          kennysheep_orc_monster_closet_entryway, serial_ice, serial_ice_m,
          serial_ice_h, serial_ice_d, serial_ice_i

Skill      XL: |  1  2  3  4  5  6  7  8  9 10 11 |
---------------+----------------------------------+-----
Fighting       | 3 4 5 6 8 10 | 10.2
Maces & Flails | 3 4 5 7 9 11 13 | 13.9
Spellcasting   | 2 4 |  4.0
Throwing       | 4 6 |  6.2
Invocations    | 3 |  3.8
Dodging        | |  2.6

Action                   |  1- 3 |  4- 6 |  7- 9 | 10-12 || total
-------------------------+-------+-------+-------+-------++-------
Melee: Flail             |    90 |       |       |       ||    90
       Mace              |    27 |    70 |   216 |    96 ||   409
       Punch             |       |       |     7 |       ||     7
       Great mace        |       |       |       |   270 ||   270
Invok: Heroism           |       |       |     4 |     3 ||     7
       Finesse           |       |       |       |     1 ||     1
 Abil: Evoke Blink       |       |       |       |     1 ||     1
  Use: Potion            |     4 |     3 |       |     2 ||     9
       Scroll            |       |       |    12 |    10 ||    22
 Stab: Sleeping          |     1 |       |     2 |       ||     3
       Invisible         |       |       |       |     7 ||     7
Armor: Robe              |    41 |    12 |    36 |    13 ||   102
       Swamp dragon scal |       |       |       |   130 ||   130
Dodge: Dodged            |    68 |    32 |    95 |   152 ||   347

Table legend: (Time is in decaauts)
 A = Elapsed time spent in this place.
 B = Non-inter-level travel time spent in this place.
 C = Inter-level travel time spent in this place.
 D = Time resting spent in this place.
 E = Time spent auto-exploring this place.
 F = Levels seen in this place.
 G = Mean time per level.
                   A        B        C        D        E       F      G
               +--------+--------+--------+--------+--------+-----+--------+
         Total |  13073 |  12679 |    394 |   3585 |   7008 |  10 | 1307.3 |
       Dungeon |  12111 |  11717 |    394 |   3268 |   6557 |   9 | 1345.7 |
         Sewer |    961 |    961 |      0 |    317 |    451 |   1 |  961.0 |
               +--------+--------+--------+--------+--------+-----+--------+

Top non-repeatable levels by time:
     D:6: 2122 daAuts
     D:8: 1686 daAuts
     D:2: 1662 daAuts
     D:9: 1457 daAuts
     D:4: 1369 daAuts
     D:5: 1211 daAuts
     D:1: 1066 daAuts
   Sewer: 961 daAuts
     D:7: 949 daAuts
     D:3: 584 daAuts
